[Event "*** Titled Tuesday Blitz"]
[Site "Chess.com"]
[Date "2019.01.01"]
[Round "4"]
[White "SanchezKelvin"]
[Black "Maili15"]
[Result "1-0"]
[WhiteElo "2545"]
[BlackElo "2308"]
[TimeControl "180+2"]
[EndTime "13:56:32 PST"]
[Termination "SanchezKelvin won by resignation"]

1. e4 c5 2. Nf3 d6 3. d4 cxd4 4. Nxd4 Nf6 5. f3 e6 6. c4 a6 7. Nc3 Be7 8. Be2 Nc6 9. Be3 O-O 10. Qd2 d5 11. exd5 exd5 12. O-O Bc5 13. Rfd1 Re8 14.
Nxc6 Bxe3+ 15. Qxe3 bxc6 16. Qf2 Be6 17. c5 Qe7 18. Bf1 a5 19. Na4 Nd7 20. Rac1 Rab8 21. b3 Bf5 22. Re1 Qf6 23. Rxe8+ Rxe8 24. Qd2 Ra8 25.
Re1 h6 26. Qf4 Be6 27. Qd2 Qg5 28. f4 Qg6 29. g3 Qf6 30. Rc1 Bf5 31. Nb6 Ra7 32. Nc8 Ra8 33. Nd6 Nxc5 34. Nxf5 Ne4 35.
Nxh6+ Qxh6 36. Qd4 Qd6 37. Re1 Qb4 38. Rd1 Rd8 39.
Bg2 Re8 40. Qxb4 axb4 41. Rc1 c5 42. Bxe4 Rxe4 43. Rxc5 Re2 44. Rxd5 Rxa2 45. Rd4 Rb2 46. Rxb4 Kh7 47. g4 Kg6 48. Rb6+ f6 49. b4 Kh6 50. h4 Kg6 51. f5+ Kh6 52. b5 Kh7 53. g5 Rb4 54. gxf6 gxf6 55. Kg2 Rxh4 56. Rxf6 Rb4 57.
Rb6 Kg7 58. Kf3 Kf7 59. Ke3 Ke7 60. Kd3 Kd7 61. Kc3 Rb1 62. Kc4 Kc7 63. Rc6+ Kb7 64. Rf6 Rf1 65. Kd5 Rd1+ 66. Ke5 Re1+ 67. Kf4 Rf1+ 68.
Kg5 Rg1+ 69. Kh6 Kc7 70. b6+ Kb7 71. Re6 Rf1 72. Kg6 Rg1+ 73. Kf7 Rf1 74. f6 Rf2 75. Ke7 1-0

[Event "*** Titled Tuesday Blitz"]
[Site "Chess.com"]
[Date "2019.01.01"]
[Round "4"]
[White "bugsbunny444"]
[Black "Msb2"]
[Result "1-0"]
[WhiteElo "2536"]
[BlackElo "2803"]
[TimeControl "180+2"]
[EndTime "13:56:35 PST"]
[Termination "bugsbunny444 won by checkmate"]

1. Nf3 d5 2. c4 e6 3. g3 Nf6 4. Bg2 dxc4 5. Qc2 a6 6. Ne5 c5 7. Na3 Ra7 8. Naxc4 b5 9. Ne3 Bb7 10. Bxb7 Rxb7 11. O-O Bd6 12. Nf3 Rc7 13. b3 Nc6 14. Bb2 Nd4 15. Qd1 Nxf3+ 16. exf3 Rd7 17. Qe2 Be7 18. Rad1 O-O 19. Nc2 Rd3 20. Ne1 Rd5 21. Nc2 Rd3 22. Ne1 Rd6 23. Nc2 Qd7 24. Be5 Rd3 25.
Ne1 Rd5 26. f4 Rd8 27. Nf3 Qa7 28. d3 Nd7 29. Bb2 Bf6 30. Bxf6 Nxf6 31. Rd2 Nd7 32.
Rfd1 Nb8 33. d4 cxd4 34. Ne5 R5d6 35. Qh5 Nc6 36. Nd3 g6 37. Qf3 Qa8 38. Rc2 Ne7 39.
Qxa8 Rxa8 40. Rdc1 Kg7 41. Rc7 Nd5 42. R7c6 Rdd8 43.
Kg2 Nc3 44. Kf3 Nxa2 45. R1c5 Nc3 46. Rc7 Nd5 47. Rb7 Rdb8 48. Rd7 Nf6 49. Re7 Kf8 50. Rcc7 Ne8 51. Rxf7+ Kg8 52. Rce7 Rc8 53. Ne5 Rc3+ 54. Ke4 Nd6+ 55. Kxd4 Rcc8 56. Rg7+ Kf8 57. Nd7# 1-0

[Event "*** Titled Tuesday Blitz"]
[Site "Chess.com"]
[Date "2019.01.01"]
[Round "4"]
[White "gonzaga23"]
[Black "Kostya_Nikologorskiy"]
[Result "0-1"]
[WhiteElo "2424"]
[BlackElo "2369"]
[TimeControl "180+2"]
[EndTime "13:56:39 PST"]
[Termination "Kostya_Nikologorskiy won by resignation"]

1. e4 e6 2. Nf3 d5 3. Nc3 d4 4. Ne2 c5 5. c3 Nc6 6. cxd4 cxd4 7. Qa4 e5 8. Nxe5 Ne7 9. d3 Bd7 10. Nxd7 Qxd7 11. Nf4 Ng6 12. Nd5 Bd6 13. Be2 O-O 14. O-O f5 15. g3 f4 16. Re1 fxg3 17. fxg3 Bxg3 18. Qc4 Bf2+ 19. Kg2 Kh8 20. Bg5 Bxe1 21. Rxe1 h6 22. Bc1 Nh4+ 23. Kg3 Qd6+ 24. Bf4 Rxf4 25. Nxf4 Rf8 26. Rf1 Ng6 27. Qe6 Qxe6 28. Nxe6 Re8 29.
Nc5 b6 30. Nd7 Re7 31. Rc1 Nge5 32. Nxe5 Nxe5 33. Rc8+ Kh7 34. Rd8 Rd7 35. Rxd7 Nxd7 36. Kf4 Kg6 37. Bg4 Nc5 38. Bf5+ Kf7 39. e5 g5+ 40.
Kf3 Ke7 41. Kg4 a5 42. Kh5 Na4 43. Kxh6 Nxb2 44. Kxg5 Nd1 45. h4 Nc3 46. h5 Kf7 47. h6 Kg8 48. e6 Nd5 49. Be4 Nc7 50. Kf6 b5 51. e7 b4 52. Ke5 a4 53. Kd6 Ne8+ 54. Kd7 Nf6+ 55. Ke6 Ne8 56. h7+ Kg7 57. Kd7 Nf6+ 58. Kd8 b3 59. Bd5 b2 0-1

[Event "*** Titled Tuesday Blitz"]
[Site "Chess.com"]
[Date "2019.01.01"]
[Round "4"]
[White "Blackmind96"]
[Black "snowlord"]
[Result "1/2-1/2"]
[WhiteElo "2626"]
[BlackElo "2690"]
[TimeControl "180+2"]
[EndTime "13:56:40 PST"]
[Termination "Game drawn by agreement"]

1. d4 Nf6 2. Nf3 e6 3. Nbd2 c5 4. e3 b6 5. Bd3 Bb7 6. O-O Be7 7. b3 cxd4 8. exd4 Nc6 9. a3 Nd5 10. c4 Nf4 11. Bc2 d5 12. Bb2 O-O 13. Re1 Bf6 14. g3 Nh3+ 15. Kg2 Ng5 16. Nxg5 Bxg5 17. Nf3 dxc4 18. bxc4 Na5 19. Kg1 Bf6 20. Qd3 g6 21. Bc3 Nxc4 22. Qxc4 Bxf3 23. Be4 Rc8 24. Qb3 Bxe4 25.
Rxe4 Qd5 26. Qxd5 exd5 27. Re3 Rxc3 28. Rxc3 Bxd4 29. Rac1 Bxc3 30. Rxc3 Re8 31. Rc7 a5 32. Rd7 Re1+ 33. Kg2 Ra1 34. Rxd5 Rb1 35. Rd8+ Kg7 36.
Rd6 a4 37. Rc6 Rb3 38. h4 b5 39. Rb6 h5 40. Kf1 Kf8 41. Rb7 Rb2 42. Kg2 Kg7 43. Rb6 Rb3 44. Kf1 f6 45. Rb7+ Kh6 46. Rb6 Kg7 47. Rb7+ Kf8 48. Rb6 Ke7 49. Kg2 Kf7 50. Kf1 g5 51. hxg5 fxg5 52. Kg2 h4 53. gxh4 gxh4 54. f4 Ke7 55. f5 h3+ 56. Kh2 Kf7 57.
f6 Kg6 58. Kg1 Rb2 59. Kh1 Rb3 60. Kh2 Kf7 61. Kh1 Rxa3 62. Rxb5 Rb3 63. Ra5 a3 64.
Ra6 Kg6 65. Kh2 Rf3 66. Kh1 Kf7 67. Kh2 Ke8 68. Kh1 Kd7 69. Kh2 Kc8 70. f7 Kb7 71. Rxa3 Rxf7 72. Rb3+ Kc6 73. Rc3+ Kd5 74. Rd3+ Ke4 75.
Rxh3 Rf3 76. Rxf3 1/2-1/2

[Event "*** Titled Tuesday Blitz"]
[Site "Chess.com"]
[Date "2019.01.01"]
[Round "4"]
[White "Iyael"]
[Black "JMatias"]
[Result "1-0"]
[WhiteElo "2160"]
[BlackElo "2335"]
[TimeControl "180+2"]
[EndTime "13:56:40 PST"]
[Termination "Iyael won by resignation"]

1. e4 e6 2. d4 d5 3. e5 c5 4.
c3 Nc6 5. Nf3 Qb6 6. Be2 Nh6 7.
O-O cxd4 8. Bxh6 gxh6 9. cxd4 Qxb2 10. Nbd2 Bg7 11. Nb3 O-O 12. Re1 f6 13. exf6 Bxf6 14. Bd3 Nb4 15. Bb1 Bd7 16. Re2 Qc3 17. a3 Nc6 18. Re3 Qb2 19. Ra2 Nxd4 20. Rxb2 Nxf3+ 21. Rxf3 Bxb2 22. Rxf8+ Kxf8 23. Qc2 Bg7 24. Qxh7 Rc8 25.
h4 Ba4 26. Nd2 Rc1+ 27. Kh2 Bd7 28. Nf3 e5 29. Qg6 e4 30. Qd6+ Ke8 31. Qg6+ Kf8 32. Bxe4 dxe4 33. Qxe4 Rc6 34. Qb4+ Ke8 35. Qxb7 a6 36.
Qb8+ Ke7 37. Qb4+ Kf7 38. Qf4+ Kg8 39. Qd2 Be8 40. Qd5+ Kh8 41. Qd8 Re6 42. g3 Kh7 43. Qd3+ Bg6 44. Qd2 Be4 45. Ng1 Rc6 46. Qe3 Bg6 47.
Qf3 Rc3 48. Qe2 Rxa3 49. h5 Bf5 50. g4 Bd3 51. Qe6 Ra5 52. f4 Ra3 53. Nf3 Bb5 54. Ne5 Bxe5 55. Qxe5 Ra2+ 56. Kg3 Re2 57. Qf5+ Kg8 58.
Qg6+ Kf8 59. Qxh6+ Ke7 60. Qg7+ Ke6 61. h6 Re3+ 62.
Kh4 Re2 63. Kg5 Rg2 64. h7 Be2 65. Qe5+ Kf7 66. Qd5+ Kg7 67. Qxg2 1-0

[Event "*** Titled Tuesday Blitz"]
[Site "Chess.com"]
[Date "2019.01.01"]
[Round "4"]
[White "xamax2000"]
[Black "NTBT_DHS"]
[Result "1-0"]
[WhiteElo "2522"]
[BlackElo "2694"]
[TimeControl "180+2"]
[EndTime "13:56:43 PST"]
[Termination "xamax2000 won by checkmate"]

1. e4 c6 2. d4 d5 3. exd5 cxd5 4. Bd3 Nf6 5. c3 Nc6 6. Bf4 g6 7. Nf3 Bg4 8. Nbd2 Bg7 9. O-O O-O 10. Re1 Re8 11.
h3 Bxf3 12. Nxf3 Qb6 13. Qd2 a5 14. a4 Nd7 15. Bb5 Rad8 16. Re2 Na7 17. Bd3 e6 18. h4 Nf6 19. Bg5 Nc6 20. h5 Ne7 21. hxg6 hxg6 22. Qf4 Qd6 23. Qh4 Nh7 24. Bf4 Qb6 25.
g4 Nc6 26. Kg2 Nf8 27. Rh1 f6 28. Bh6 Qc7 29. Bc1 e5 30. dxe5 Nxe5 31. Nxe5 Rxe5 32.
Bf4 d4 33. Bxe5 fxe5 34. Bb1 d3 35. Ba2+ Ne6 36. Bxe6+ Kf8 37. Re4 d2 38. Rd1 Rd6 39. Ba2 Qc6 40. f3 Qb6 41. Qf2 Qxb2 42. Bc4 Qc2 43. Qc5 Ke7 44. Rxe5+ Bxe5 45. Qxe5+ Kd7 46. Bb5+ Kc7 47. Qc5+ Rc6 48. Qe7+ Kb8 49. Bxc6 bxc6 50. Qe2 Qxc3 51. Rxd2 Kc7 52. Qe7+ Kb6 53. Qd8+ Kc5 54.
Qd6+ Kb6 55. Re2 Qb3 56. Re5 Qxa4 57. Qb8+ Ka6 58. Re7 Qe4 59. Qb7# 1-0

[Event "*** Titled Tuesday Blitz"]
[Site "Chess.com"]
[Date "2019.01.01"]
[Round "4"]
[White "Rakhmanov_Aleksandr"]
[Black "VerdeNotte"]
[Result "1-0"]
[WhiteElo "2812"]
[BlackElo "2849"]
[TimeControl "180+2"]
[EndTime "13:56:47 PST"]
[Termination "Rakhmanov_Aleksandr won by resignation"]

1. c4 Nf6 2. Nc3 g6 3. g3 Bg7 4.
Bg2 c5 5. d3 O-O 6. e3 Nc6 7.
Nge2 Rb8 8. O-O a6 9. b3 b5 10. Bb2 bxc4 11. dxc4 Bb7 12. Qd2 d6 13. Rad1 Qd7 14.
Ba1 Rfd8 15. h3 Nb4 16. e4 Nc6 17. f4 e6 18. g4 Qe7 19. Ng3 Nd4 20. g5 Ne8 21. h4 h5 22. Nce2 Nxe2+ 23. Qxe2 Bxa1 24. Rxa1 Ng7 25. Rad1 Rd7 26. Rd3 Rbd8 27. Rfd1 Bc6 28.
Qd2 Ne8 29. f5 exf5 30. exf5 Bxg2 31. Kxg2 Nc7 32. Re3 Qf8 33. Ne4 Ne8 34. Qd5 Qg7 35. Nxc5 dxc5 36. Qxd7 Qb2+ 37. Kf3 Rxd7 38. Rxe8+ Kh7 39.
Rxd7 gxf5 40. Rxf7+ Kg6 41. Rf6+ Kg7 42. Re7+ Kg8 43. Rd6 Kf8 44. Ra7 Qc3+ 45. Kf4 Qc1+ 46. Ke5 Qc3+ 47. Ke6 Qe3+ 48. Kf6 Qc3+ 49. Kg6 Ke8 50.
Re6+ Kd8 51. Rf6 Ke8 52. Re6+ Kd8 53. Rexa6 Qf3 54. Rf6 Ke8 55. Raa6 Qb7 56. Rae6+ Kd8 57. Rf8+ Kd7 58. Rf7+ Kxe6 59. Rxb7 f4 60. Rf7 Ke5 61. Rxf4 1-0

[Event "*** Titled Tuesday Blitz"]
[Site "Chess.com"]
[Date "2019.01.01"]
[Round "4"]
[White "juniortay"]
[Black "NemtsevIgor"]
[Result "1-0"]
[WhiteElo "2419"]
[BlackElo "2304"]
[TimeControl "180+2"]
[EndTime "13:56:58 PST"]
[Termination "juniortay won by resignation"]

1. e4 c6 2. Nf3 d5 3. exd5 cxd5 4. Ne5 Nc6 5. d4 Nf6 6. Bb5 Bd7 7. Nxd7 Qxd7 8. c3 e6 9. O-O Bd6 10. Nd2 O-O 11. Qe2 Qc7 12. Nf3 a6 13. Bd3 b5 14.
a3 Na5 15. Ne5 Nc4 16. Nxc4 bxc4 17. Bc2 Bf4 18. g3 Bxc1 19. Raxc1 Rab8 20. Rcd1 g6 21. Rd2 Rb6 22. Bb1 Rfb8 23. f4 h5 24. h3 Kg7 25. Rf2 Rh8 26. Kg2 Qb8 27. Qf3 Ne8 28.
Rfe2 Nd6 29. Qe3 Re8 30. Qe5+ Kg8 31. Qg5 Qd8 32. Qe5 Rb8 33. Re1 Nb5 34. Rh1 Qd6 35. Qg5 Qe7 36. Qe5 Na7 37. g4 Nc6 38. Qe2 Qh4 39. Qf3 Ne7 40. g5 Nf5 41. Re2 Rb3 42.
Rhe1 Reb8 43. Bxf5 gxf5 44. Qg3 Qxg3+ 45. Kxg3 Rxb2 46.
Kh4 Rxe2 47. Rxe2 Rb3 48. Re3 Rxa3 49. Kxh5 Kg7 50. Rg3 Rb3 51. g6 f6 52. Re3 a5 53.
Rxe6 Rxc3 54. Re7+ Kf8 55. Rf7+ Kg8 56. h4 Rh3 57.
Rxf6 c3 58. Rc6 a4 59. Kg5 Kg7 60. Rc7+ Kf8 61. h5 a3 62. h6 a2 63. Kf6 Ke8 64. g7 Rxh6+ 65. Kg5 Kd8 66. Ra7 1-0

[Event "*** Titled Tuesday Blitz"]
[Site "Chess.com"]
[Date "2019.01.01"]
[Round "4"]
[White "twitchTriniCupid"]
[Black "Gr3egor"]
[Result "1/2-1/2"]
[WhiteElo "2260"]
[BlackElo "2465"]
[TimeControl "180+2"]
[EndTime "13:56:59 PST"]
[Termination "Game drawn by agreement"]

1. d4 Nf6 2. c4 g6 3. Nc3 Bg7 4. Bg5 O-O 5. e3 d6 6. Be2 Nbd7 7. Nf3 h6 8. Bh4 c6 9. Qc2 a6 10. b4 b5 11. O-O Bb7 12. a4 bxc4 13. Bxc4 c5 14. bxc5 dxc5 15. Rfd1 cxd4 16. Rxd4 Qc7 17.
Qxg6 Bxf3 18. Bxf6 Nxf6 19. gxf3 e6 20. Qg2 Rac8 21. Ne4 Kh8 22. Rad1 Rg8 23. Ng3 Nd5 24. Rh4 Nc3 25. Rf1 Qe5 26. Bxa6 Ra8 27. Bd3 Rxa4 28. Rxa4 Nxa4 29. Qh3 Nc5 30. Bc2 Bf8 31. Kh1 f5 32.
Nh5 Qd5 33. Bb1 Rg5 34. Ng3 Bg7 35. Qg2 h5 36. f4 Qxg2+ 37. Kxg2 Rg6 38. Kf3 h4 39.
Ne2 e5 40. fxe5 Bxe5 41. Bxf5 Rf6 42. Kg4 Bxh2 43. f4 Bg3 44. Nxg3 hxg3 45. Rg1 Nb7 46. Kg5 Rf8 47. Rxg3 Nd6 48. Bg6 Kg7 49. f5 Ne4+ 50. Kf4 Nxg3 51. Kxg3 Kf6 52. Kf4 Ra8 53. e4 Ra4 54.
Be8 Rb4 55. Bc6 Rc4 56. Bd5 Rb4 57. Be6 Rd4 58. Bd5 Rb4 59. Ke3 Ke5 60. Kf3 Rd4 61.
Kg4 Rd1 62. Kf3 Rf1+ 63. Kg4 Rg1+ 64. Kf3 Ra1 65. Kg4 Ra3 66. Kh4 Rc3 67. Kg4 Rc1 68.
Kf3 Rd1 69. Kg4 Rg1+ 70. Kf3 Rf1+ 1/2-1/2

[Event "*** Titled Tuesday Blitz"]
[Site "Chess.com"]
[Date "2019.01.01"]
[Round "4"]
[White "SARGISMV"]
[Black "gmjlh"]
[Result "0-1"]
[WhiteElo "2413"]
[BlackElo "2646"]
[TimeControl "180+2"]
[EndTime "13:57:00 PST"]
[Termination "gmjlh won by checkmate"]

1. Nf3 d5 2. c4 e6 3. g3 Nf6 4. Bg2 Be7 5. O-O O-O 6. b3 Nc6 7.
Bb2 d4 8. e3 e5 9. exd4 exd4 10.
d3 a5 11. Na3 Bc5 12. Nb5 h6 13. Qd2 Bf5 14. a3 Qd7 15. Rfe1 Rfe8 16. Rad1 Bh7 17.
Rxe8+ Rxe8 18. Qf4 Re2 19. Bxd4 Nxd4 20. Nfxd4 Ra2 21.
Bxb7 Qg4 22. Bf3 Qxf4 23. gxf4 Rb2 24. f5 g5 25. fxg6 Bxg6 26. h3 Nh5 27. Be4 Nf4 28. Bxg6 fxg6 29. h4 Nh3+ 30. Kg2 Nxf2 31. Rf1 Ng4+ 32.
Kg3 h5 33. Kf4 Kh7 34. Ne6 Be7 35. Ng5+ Kg8 36. Ke4 c6 37. Nd4 Nf6+ 38. Ke5 Ng4+ 39. Ke6 Bxa3 40. Nxc6 Re2+ 41. Kd7 Re3 42. d4 Kg7 43.
Rf7+ Kg8 44. d5 Rxb3 45. Ne7+ Bxe7 46. Rxe7 Rb7+ 47. Ke6 Rxe7+ 48. Kxe7 a4 49. d6 Ne5 50. Ke6 a3 51. Kxe5 a2 52. d7 a1=Q+ 53. Kd6 Qf6+ 54.
Kc7 Qe5+ 55. Kc6 Qf6+ 56. Kc7 Qf4+ 57. Kc8 Qxc4+ 58. Kb7 Qd5+ 59. Kc8 Qc5+ 60. Kb7 Qb5+ 61. Kc7 Qa5+ 62. Kc8 Qa6+ 63. Kc7 Qc4+ 64. Kd6 Qd4+ 65.
Ke7 Qc5+ 66. Ke8 Qf8# 0-1

[Event "*** Titled Tuesday Blitz"]
[Site "Chess.com"]
[Date "2019.01.01"]
[Round "4"]
[White "wannabe2700"]
[Black "Alexander_Moskalenko"]
[Result "1-0"]
[WhiteElo "2554"]
[BlackElo "2813"]
[TimeControl "180+2"]
[EndTime "13:57:05 PST"]
[Termination "wannabe2700 won by resignation"]

1. d4 Nf6 2. c4 c5 3. d5 b5 4. cxb5 a6 5. bxa6 g6 6. Nc3 Bxa6 7. e4 Bxf1 8. Kxf1 d6 9. g3 Bg7 10. Kg2 O-O 11. Nf3 Nbd7 12. a4 Qb6 13. Bd2 Rfb8 14. Qe2 Ne8 15. Rhb1 Nc7 16. Ra3 Qa6 17. Qxa6 Rxa6 18.
b4 cxb4 19. Rab3 Rab6 20. Nb5 Nxb5 21. axb5 Rxb5 22. Rxb4 Rxb4 23. Rxb4 Rxb4 24. Bxb4 Nf6 25. Nd2 g5 26. h3 h5 27. Bc3 Nd7 28. Ba5 g4 29.
hxg4 hxg4 30. f3 Bh6 31. Nc4 gxf3+ 32. Kxf3 f6 33. Bb6 Kf7 34. Bd4 Kg6 35. Bb6 Bc1 36.
Bd8 Kf7 37. Bb6 Bh6 38. Bd4 Nb8 39. Bb6 Na6 40. Bd4 Nb4 41. Bb6 Nc2 42. Bf2 Kg6 43.
Nb6 Nb4 44. Nc8 Kf7 45. Bb6 Nd3 46. Bd8 Ke8 47. Bxe7 Ne5+ 48. Ke2 Kd7 49. Nxd6 Kxe7 50. Nf5+ Kf7 51. Nxh6+ Kg6 52. Nf5 Kg5 53. Ne3 Nd7 54. Kd3 Ne5+ 55. Kd4 Kg6 56. d6 Kf7 57. Kd5 Nd3 58.
Nf5 Ke8 59. Ke6 Nc5+ 60. Kxf6 Nxe4+ 61. Ke5 Nc5 62. Kd5 Nd3 63. Kd4 Nf2 64. Ke5 Kd7 65. Kf6 Ne4+ 66. Ke5 Ng5 67. g4 Nf7+ 68. Kf6 Ng5 69. Kxg5 1-0

[Event "*** Titled Tuesday Blitz"]
[Site "Chess.com"]
[Date "2019.01.01"]
[Round "4"]
[White "salomez"]
[Black "MerdeNoms943"]
[Result "1/2-1/2"]
[WhiteElo "2137"]
[BlackElo "2253"]
[TimeControl "180+2"]
[EndTime "13:57:05 PST"]
[Termination "Game drawn by stalemate"]

1. e4 d6 2. d4 Nf6 3. Nc3 g6 4.
Bc4 c6 5. Qe2 Bg7 6. e5 dxe5 7.
dxe5 Nd5 8. Bd2 O-O 9. O-O-O Be6 10. f4 Nd7 11. Nf3 b5 12. Bxd5 cxd5 13. Nxb5 Rb8 14. Nfd4 Qb6 15. b3 Nc5 16. Nxe6 fxe6 17. Nd4 Ne4 18.
Qe3 Rxf4 19. Nf3 Rf5 20. Qxb6 axb6 21. Rhf1 Nxd2 22. Kxd2 b5 23. Rde1 Ra8 24. Nd4 Rxe5 25. Rxe5 Bxe5 26. Nxe6 Bf6 27. Nc5 Rxa2 28. Nd7 Bg7 29.
Nb6 Ra6 30. Nc8 Bf6 31. Kd3 Rc6 32. Na7 Rc3+ 33. Kd2 b4 34. Ra1 Rxc2+ 35. Kxc2 Bxa1 36. Nc6 Bc3 37. Nxe7+ Kf7 38. Nxd5 Be5 39. Nxb4 Bxh2 40. Nd3 Bd6 41. Kc3 Ke6 42. Kc4 h5 43. b4 g5 44. b5 h4 45. Nf2 Kd7 46. Kd5 Bg3 47.
Ne4 Bf4 48. b6 g4 49. Nf6+ Kc8 50. Nxg4 Kb7 51. Ke4 Bg3 52. Kf3 Kxb6 53. Ne3 Kc6 54. Nf5 Be1 55. Kg4 Kd5 56. Nxh4 Ke6 57. Nf3 Bc3 58. Kh5 Kf7 59. g4 Bf6 60. Ng5+ Bxg5 61. Kxg5 Kg7 62. Kf5 Kf7 63. g5 Kg7 64. g6 Kg8 65.
Kf6 Kf8 66. g7+ Kg8 67. Kg6 1/2-1/2

[Event "*** Titled Tuesday Blitz"]
[Site "Chess.com"]
[Date "2019.01.01"]
[Round "4"]
[White "Bigfish1995"]
[Black "1e41-0"]
[Result "1-0"]
[WhiteElo "2910"]
[BlackElo "2545"]
[TimeControl "180+2"]
[EndTime "13:57:07 PST"]
[Termination "Bigfish1995 won by resignation"]

1. d4 d5 2. Nf3 Bf5 3. Bf4 e6 4. Nbd2 Nf6 5. e3 Nbd7 6. h3 h6 7. c3 c6 8. Be2 Be7 9. O-O O-O 10. Ne1 c5 11. Bd3 Bxd3 12. Nxd3 Qb6 13. Qb1 Rac8 14.
Re1 Rfd8 15. Bh2 Bd6 16. Ne5 Bb8 17. Nxd7 Bxh2+ 18. Kxh2 Rxd7 19. Nf3 Ne4 20. Re2 Qb5 21. Qe1 Rdc7 22. Ne5 Qe8 23. Rd1 b5 24. f3 Nd6 25.
dxc5 Rxc5 26. e4 dxe4 27. Rxd6 Rxe5 28. Qd2 e3 29. Qd4 Rec5 30. Rxe3 Qe7 31. Rd7 Qg5 32.
Rxa7 b4 33. f4 Qh4 34. Rg3 e5 35. fxe5 Qxd4 36. cxd4 Rd5 37. e6 Rf8 38. Rg4 h5 39.
exf7+ Rxf7 40. Rxf7 hxg4 41. Rf4 gxh3 42. Kxh3 Ra5 43.
d5 b3 44. a3 Rxd5 45. Rb4 Rd3+ 46. Kg4 Kf7 47. Kf4 Ke6 48. g4 Kf6 49. Rb6+ Kf7 50. g5 Ke7 51. Kf5 Rg3 52. Kg6 Kd7 53. a4 Kc7 54.
Rb5 Kc6 55. Kxg7 Rg2 56. g6 Rxb2 57. Rb8 Kd7 58. a5 Ke7 59. a6 Ra2 60. Rxb3 Rxa6 61. Re3+ Kd6 62. Kf7 Ra7+ 63. Kf6 Ra2 64. Rd3+ Kc6 65.
g7 Rg2 66. Rd4 Rf2+ 67. Kg5 Rg2+ 68. Rg4 1-0

[Event "*** Titled Tuesday Blitz"]
[Site "Chess.com"]
[Date "2019.01.01"]
[Round "4"]
[White "pedroholly22"]
[Black "Arman_Hakemi"]
[Result "0-1"]
[WhiteElo "2243"]
[BlackElo "2470"]
[TimeControl "180+2"]
[EndTime "13:57:08 PST"]
[Termination "Arman_Hakemi won by checkmate"]

1. e4 c5 2. Nf3 d6 3. d4 cxd4 4. Nxd4 Nf6 5. Nc3 a6 6. Bg5 Nbd7 7. Qe2 e6 8. O-O-O Qc7 9. f4 b5 10. a3 Be7 11. g4 Bb7 12. f5 e5 13. Nb3 Nb6 14. h4 Nc4 15. Rh3 Rc8 16. Kb1 Nd7 17.
Bxe7 Kxe7 18. g5 Nc5 19. f6+ Kf8 20. Nxc5 Qxc5 21. fxg7+ Kxg7 22. Qh5 b4 23. Bxc4 Qxc4 24. axb4 Qxb4 25. Qh6+ Kg8 26. Qxd6 Qxd6 27. Rxd6 Kg7 28. Rhd3 Rc7 29. Rd7 Rhc8 30. Rxc7 Rxc7 31. Nd5 Rc4 32. h5 Rxe4 33. Ne7 Re1+ 34. Ka2 Be4 35. Rd8 f6 36.
Rd7 fxg5 37. Nc6+ Kh6 38. Nxe5 Kxh5 39. Kb3 h6 40. c4 g4 41. Rg7 Bf5 42. c5 Rxe5 43. c6 Rc5 44. c7 Kh4 45. Kb4 Rc2 46. b3 g3 47. Ka5 Bg4 48. c8=Q Rxc8 49. Re7 Rc3 50. Re1 Rxb3 51. Kxa6 g2 52. Ka5 Re3 53. Rxe3 g1=Q 54. Ra3 Qa7+ 55. Kb4 Qe7+ 56. Ka4 Bd1+ 57. Ka5 Qxa3+ 58. Kb5 Be2+ 59. Kc6 Qc3+ 60. Kd6 Qd4+ 61. Ke6 Bc4+ 62. Kf5 Qd5+ 63. Kf6 Qe6+ 64. Kg7 Qf7+ 65. Kxh6 Qf6+ 66. Kh7 Qg5 67. Kh8 Qh6# 0-1

[Event "*** Titled Tuesday Blitz"]
[Site "Chess.com"]
[Date "2019.01.01"]
[Round "4"]
[White "AnonymousBread"]
[Black "dmosesov"]
[Result "0-1"]
[WhiteElo "2544"]
[BlackElo "2346"]
[TimeControl "180+2"]
[EndTime "13:57:11 PST"]
[Termination "dmosesov won by resignation"]

1. d4 Nf6 2. Nc3 d5 3. Bf4 c5 4. e3 cxd4 5. exd4 a6 6. Bd3 Nc6 7. Nge2 Bg4 8. f3 Bh5 9. O-O e6 10. Qd2 Bd6 11. Rae1 O-O 12. Nd1 b5 13. c3 Re8 14.
Ng3 Bg6 15. Nf2 b4 16. Bxg6 hxg6 17. Nd3 bxc3 18. bxc3 Bxf4 19. Qxf4 Qa5 20. Ne5 Qxc3 21. Nxc6 Qxc6 22. h4 Rab8 23. Rf2 Rb4 24. Re5 Qb6 25. Rd2 Nd7 26. Ree2 e5 27. Qe3 Rb1+ 28. Kh2 Qf6 29. Qg5 Re6 30. dxe5 Qxg5 31. hxg5 Nxe5 32. Rxd5 Rb5 33. Rxb5 axb5 34. Rb2 Rb6 35. Ne4 Nc4 36. Rb4 Ra6 37. Nc3 Nd6 38. Rd4 Nf5 39. Rb4 Nd6 40.
Rd4 Nf5 41. Rd8+ Kh7 42. Rb8 Ra3 43. Nxb5 Rxa2 44. Rb7 Ne3 45. Rxf7 Rxg2+ 46. Kh3 Rxg5 47. Nd6 Nf5 48. Ne8 Rg1 49. Nf6+ Kh6 50. Ng4+ Kg5 51. Ra7 Kf4 52. Ra4+ Kxf3 53. Ne5+ Ke2 54. Nxg6 Rxg6 55. Rf4 Rh6+ 56. Kg2 Ne3+ 57. Kg3 Rg6+ 58. Kh4 Ng2+ 0-1

[Event "*** Titled Tuesday Blitz"]
[Site "Chess.com"]
[Date "2019.01.01"]
[Round "4"]
[White "TheBigBadChessDad"]
[Black "VNeimer"]
[Result "1/2-1/2"]
[WhiteElo "2288"]
[BlackElo "2381"]
[TimeControl "180+2"]
[EndTime "13:57:22 PST"]
[Termination "Game drawn by stalemate"]

1. d4 Nf6 2. Nf3 b6 3. Bf4 Bb7 4. e3 g6 5. h3 Bg7 6. c4 O-O 7. Nc3 Ne4 8. Nxe4 Bxe4 9. Bd3 Bxd3 10. Qxd3 d6 11. O-O c5 12. Rad1 cxd4 13. exd4 Nc6 14. b3 Rc8 15. d5 Na5 16. Rfe1 Re8 17. Nd4 Qd7 18. Re3 Bf6 19. Rde1 a6 20. a4 Nb7 21. Nc6 Nc5 22. Qd2 Rxc6 23. dxc6 Qxc6 24. Bh6 b5 25.
axb5 axb5 26. cxb5 Qxb5 27. Qxd6 Ne6 28. Qd3 Qh5 29.
Rxe6 fxe6 30. Qe3 Kh8 31. Bf4 Qf5 32. g4 Qd5 33. Qxe6 Qxe6 34. Rxe6 Kg7 35. Rb6 Rc8 36. g5 Bd4 37. Rb7 Rc2 38. Bg3 Kf7 39. Kg2 Rb2 40. b4 Ke6 41. b5 Kd5 42. Rxe7 Rxb5 43. Rxh7 Ke6 44. h4 Rb2 45. Rc7 Rd2 46. Rb7 Kf5 47. Rb4 Ke6 48. Ra4 Kf5 49. Ra6 Rd3 50. Ra2 Ke6 51. Re2+ Kf5 52. Rc2 Ke6 53. Rc6+ Kf5 54. Rc7 Ke6 55. Rc8 Kf5 56. Rf8+ Ke6 57. Rf3 Rd2 58. Bf4 Rc2 59. Be3 Be5 60. Bf4 Bd4 61. Kg3 Ra2 62. Be3 Be5+ 63. Kg2 Bd6 64. Rh3 Kf5 65. h5 gxh5 66. Rxh5 Kg4 67. Rh6 Bf8 68.
Rf6 Bg7 69. Rf4+ Kh5 70. Rf7 Kg6 71. Rb7 Be5 72. Ra7 Rxa7 73. Bxa7 Kxg5 74. Kf3 Kf5 75. Be3 Bd6 76. Bd4 Bc7 77. Ke3 Bd8 78. f3 Bg5+ 79. Ke2 Bf4 80. Be3 Bxe3 81. Kxe3 Ke5 82. f4+ Kf5 83.
Kf3 Kf6 84. Ke4 Ke6 85. f5+ Kf6 86. Kf4 Kf7 87. Ke5 Ke7 88. Kf4 Kf6 89. Kg4 Kf7 90. Kf4 Kf6 91. Ke4 Kf7 92. Ke5 Ke7 93. f6+ Kf7 94.
Kf5 Kf8 95. Kg5 Kf7 96. Kf5 Kf8 97. Ke6 Ke8 98. Ke5 Kf7 99. Kf5 Kf8 100. Kg6 Kg8 101.
f7+ Kf8 102. Kf6 1/2-1/2

[Event "*** Titled Tuesday Blitz"]
[Site "Chess.com"]
[Date "2019.01.01"]
[Round "4"]
[White "Opening_Prep"]
[Black "andrzej"]
[Result "1-0"]
[WhiteElo "2403"]
[BlackElo "2265"]
[TimeControl "180+2"]
[EndTime "13:57:32 PST"]
[Termination "Opening_Prep won by checkmate"]

1. d4 Nf6 2. Nc3 d5 3. Bf4 Bf5 4. e3 e6 5. Bd3 Bg6 6. Nge2 Bd6 7. O-O c6 8. a3 Qe7 9. Bxd6 Qxd6 10. Nf4 Nbd7 11. Nce2 e5 12. dxe5 Nxe5 13. Ng3 O-O 14.
Qd2 Rad8 15. Rfd1 Qc7 16. Nxg6 hxg6 17. c3 Rfe8 18. Qc2 Nfg4 19. Bf1 Qe7 20. h3 Nf6 21.
Rd2 b5 22. Rad1 a6 23. e4 Rc8 24. Qb1 dxe4 25. Nxe4 Nxe4 26. Qxe4 Qf6 27. Qc2 Rcd8 28.
a4 Rxd2 29. Rxd2 Rd8 30. axb5 axb5 31. Rxd8+ Qxd8 32. Qe4 Qd6 33. f4 Nd7 34. Be2 Nf6 35. Qe3 Kh7 36. g3 Nd5 37. Qd4 Qe6 38. Bf1 Qe1 39.
Qf2 Qb1 40. Kg2 Qe4+ 41. Kg1 Ne3 42. Be2 Qb1+ 43. Kh2 Qe4 44. Bf3 Qe6 45. h4 f5 46.
Qe2 Kg8 47. Kg1 Kf7 48. Bxc6 Qxc6 49. Qxe3 Qc4 50. Qa7+ Kf6 51. Qd4+ Qxd4+ 52. cxd4 Ke6 53. Kf2 Kd5 54. Ke3 Kc4 55. b3+ Kxb3 56. d5 Kc2 57. d6 b4 58. d7 b3 59. d8=Q b2 60. Qc7+ Kb3 61. Qb6+ Kc2 62. Qc5+ Kd1 63. Qd4+ Kc1 64. Qd2+ Kb1 65. Kd3 Ka1 66. Qa5+ Kb1 67. Kc3 Kc1 68.
Qa3 Kd1 69. Qxb2 Ke1 70. Kd3 Kf1 71. Ke3 Kg1 72. Kf3 Kh1 73. Qg2# 1-0

[Event "*** Titled Tuesday Blitz"]
[Site "Chess.com"]
[Date "2019.01.01"]
[Round "4"]
[White "ahmadzada13"]
[Black "Vamostodorecto"]
[Result "1-0"]
[WhiteElo "2816"]
[BlackElo "2386"]
[TimeControl "180+2"]
[EndTime "13:57:32 PST"]
[Termination "ahmadzada13 won by resignation"]

1. e4 e6 2. d4 d5 3. Nd2 Nf6 4.
e5 Nfd7 5. Bd3 c5 6. c3 Nc6 7. Ne2 cxd4 8. cxd4 f6 9. exf6 Nxf6 10. Nf3 Bd6 11. O-O O-O 12. Bf4 Nh5 13. Bxd6 Qxd6 14. Re1 Rxf3 15. gxf3 Bd7 16. Qd2 Rf8 17. Qe3 e5 18.
Kh1 exd4 19. Nxd4 Nf4 20. Rg1 Rf6 21. Rg5 Nxd4 22. Qxd4 Kf8 23. Rag1 Ne6 24. Qxd5 Nxg5 25. Qxg5 Qe7 26. Bxh7 Bc6 27. Be4 Bxe4 28. fxe4 Qxe4+ 29. Rg2 Qe1+ 30. Rg1 Qe4+ 31. Qg2 Qxg2+ 32. Rxg2 Rb6 33. f4 Rb4 34. Rf2 Ra4 35. b3 Rd4 36. Kg2 Rd3 37.
Rf3 Rd2+ 38. Rf2 Rd3 39. Rc2 Kg8 40. Rc7 Rd2+ 41. Kg3 Rxa2 42. Rxb7 Ra3 43. h4 Kh7 44. Kg4 Kh6 45. h5 Ra1 46. Rb8 Rg1+ 47. Kf5 Kh7 48. Rb7 Ra1 49. b4 a6 50. Ra7 Rb1 51. h6 Kxh6 52. Rxa6+ Kh7 53. Rb6 Kg8 54. b5 Kf7 55.
Rb7+ Kf8 56. Ke6 Re1+ 57. Kd6 Rd1+ 58. Ke5 Re1+ 59. Kf5 Rb1 60. Ke6 Re1+ 61. Kd6 Rf1 62. Rc7 Rxf4 63. b6 Rb4 64. b7 g5 65. Rc8+ Kf7 66.
b8=Q Rxb8 67. Rxb8 Kf6 68. Rf8+ Kg7 69. Rf1 Kg6 70.
Ke5 Kh5 71. Kf5 1-0